 Dungeon Crawl Stone Soup version 0.18.1-48-g4cf74bf (webtiles) character file.

6458 sarahorange the Destroyer (level 10, -1/68 HPs)
             Began as a Demonspawn Conjurer on July 22, 2016.
             Was a Believer of Vehumet.
             Slain by a killer bee (4 damage)
             ... on level 11 of the Dungeon on July 23, 2016.
             The game lasted 02:00:34 (13674 turns).

sarahorange the Destroyer (Demonspawn Conjurer)    Turns: 13674, Time: 02:00:35

Health: -1/68      AC: 10    Str:  9    XL:     10   Next: 67%
Magic:  22/22      EV: 15    Int: 19    God:    Vehumet [**....]
Gold:   627        SH:  0    Dex: 14    Spells: 8 memorised, 3 levels left

rFire  + . .     SeeInvis .     e - +1 short sword (flame)
rCold  + . .     Gourm    .     a - +1 robe
rNeg   . . .     Faith    .     (no shield)
rPois  .         Spirit   .     E - +2 hat
rElec  .         Dismiss  .     D - +1 cloak
rCorr  .         Reflect  .     r - +2 pair of gloves
SustAt .         Harm     .     (no boots)
MR     .....                    (no amulet)
Stlth  +++.......               (no ring)
                                s - ring of protection from cold

@: invisible, not resistant to hostile enchantments, fairly stealthy
A: claws 1, fire resistance 1, ignite blood, flame cloud immunity
a: Renounce Religion


You were on level 11 of the Dungeon.
You worshipped Vehumet.
Vehumet was pleased with you.
You were not hungry.

You visited 3 branches of the dungeon, and saw 13 of its levels.

You collected 687 gold pieces.
You spent 60 gold pieces at shops.

Inventory:

Hand Weapons
 e - a +1 short sword of flaming (weapon)
 A - a +1 hand crossbow of velocity
Missiles
 h - 220 stones (quivered)
 i - 42 bolts
 j - 38 poisoned needles
 l - 8 needles of sleeping
 v - 2 throwing nets
Armour
 a - a +1 robe (worn)
 r - a +2 pair of gloves (worn)
 D - a +1 cloak (worn)
 E - a +2 hat (worn)
Magical Staves
 M - an uncursed staff of death
Jewellery
 s - a ring of protection from cold (left hand)
Wands
 z - a wand of teleportation (0/9)
 F - a wand of lightning (2/15)
 K - a wand of iceblast (6/15)
 N - a wand of teleportation (0/9)
Scrolls
 f - 4 scrolls of magic mapping
 t - 2 scrolls of brand weapon
 w - a scroll of amnesia
 y - a scroll of fog
 Q - 5 scrolls of remove curse
Potions
 k - a potion of mutation {unknown}
 m - a potion of curing {unknown}
 n - a potion of invisibility
 p - a potion of resistance
 q - a potion of cure mutation {unknown}
 u - a potion of agility
 B - a potion of haste
 C - a potion of lignification {unknown}
 J - a potion of berserk rage {unknown}
Books
 b - a book of Conjurations

   Spells                             Type                      Level
   a - Magic Dart                     Conjuration                  1
   b - Searing Ray                    Conjuration                  2
   c - Dazzling Spray                 Conjuration/Hexes            3
   d - Fulminant Prism                Conjuration/Hexes            4
   e - Iskenderun's Mystic Blast      Conjuration                  4
   f - Iskenderun's Battlesphere      Conjuration/Charms           5
 x - a book of the Tempests

   Spells                             Type                      Level
   a - Static Discharge               Conjuration/Air              3
   b - Lightning Bolt                 Conjuration/Air              5
   c - Fireball                       Conjuration/Fire             5
   d - Tornado                        Air                          9
   e - Shatter                        Earth                        9
Comestibles
 c - 10 bread rations
 g - 5 meat rations
 o - 5 chunks of flesh


   Skills:
 + Level 2.6 Fighting
 + Level 0.1 Short Blades
 + Level 4.0 Crossbows
 + Level 6.3 Dodging
 + Level 4.1 Stealth
 * Level 8.1 Spellcasting
 + Level 9.6 Conjurations
 + Level 1.1 Hexes
 + Level 4.5 Fire Magic


You had 3 spell levels left.
You knew the following spells:

 Your Spells              Type           Power        Failure   Level  Hunger
a - Magic Dart            Conj           ####         1%          1    None
b - Searing Ray           Conj           #####.       1%          2    None
c - Dazzling Spray        Conj/Hex       ####..       3%          3    None
d - Static Discharge      Conj/Air       ####....     4%          3    None
e - Fireball              Conj/Fire      ####......   14%         5    #####..
f - Flame Tongue          Conj/Fire      ####.        1%          1    None
g - Iskenderun's Battles  Conj/Chrm      ####....     38%         5    #####..
h - Throw Frost           Conj/Ice       ####..       1%          2    None


Dungeon Overview and Level Annotations

Branches:
Dungeon (11/15)            Temple (1/1) D:7             Orc (1/2) D:9
   Lair: D:8-11

Altars:
Ashenzari
Cheibriados
Dithmenos
Elyvilon
Fedhas
Gozag
Kikubaaqudgha
Makhleb
Nemelex Xobeh
Okawaru
Pakellas
Qazlal
Ru
Sif Muna
Trog
Vehumet
Xom
Yredelemnul
Zin
The Shining One

Shops:
D:11 %

Annotations:
D:9 Erolcha


Innate Abilities, Weirdness & Mutations

You have sharp fingernails.
Your flesh is heat resistant.
Your demonic aura causes spilled blood to erupt in flames.
You are immune to clouds of flame.


Message History

Something hits you.
* * * LOW HITPOINT WARNING * * *
Something hits you.
* * * LOW HITPOINT WARNING * * *
Your surroundings suddenly seem different.
A killer bee comes into view.
The killer bee buzzes angrily.
A killer bee comes into view.
The killer bee buzzes angrily.
The killer bee stings you but does no damage. x2
The killer bee barely misses you. x2
The killer bee stings you but does no damage.
The killer bee closely misses you. 2 killer bees come into view.
Evoke which item? (* to show all) (? for menu, Esc to quit)
Okay, then.
You fade into invisibility!
The killer bee misses you. The killer bee completely misses you.
The killer bee closely misses you. x2; The killer bee stings you.
You die...

#...# #####.### #####
#.# ##.#### #####
###.[...# #...#
#.......# # #...#
#..###..# ..##.##...##
#..#∩'..#
......yyy.+.##..###..#
#@y.#..#......##
######.'......#
###......# ########


You could see 4 killer bees.

Vanquished Creatures
  2 hill giants (D:10)
  A gargoyle (D:11)
  A komodo dragon (D:11)
  Prince Ribbit (D:7)
  2 hippogriffs
  2 sky beasts
  Duvessa (D:7)
  5 ice beasts
  2 phantoms
  2 orc warriors
  5 ogres
  A centaur (D:8)
  A big kobold (D:11)
  2 giant frogs
  Dowan (D:7)
  14 killer bees (D:8)
  3 scorpions
  5 wights (D:8)
  2 howler monkeys
  2 jellies
  6 crimson imps
  A wasp zombie (D:8)
  A quasit (D:9)
  A giant frog zombie (D:6)
  5 hounds
  Crazy Yiuf (D:6)
  An orc priest (D:10)
  2 giant frog skeletons
  2 orc wizards
  2 centaur skeletons
  7 iguanas
  10 worker ants
  A howler monkey zombie (D:10)
  A worker ant zombie (D:10)
  7 adders
  3 shadow imps
  An ooze (D:2)
  4 adder skeletons
  A dart slug (D:1)
  7 giant geckos
  13 orcs
  A ball python (D:7)
  7 bats
  7 giant cockroaches
  13 goblins
  2 hobgoblins (D:1)
  9 jackals
  2 quokkas
  4 giant newts
  2 jackal skeletons
  8 kobolds
  3 rats
  A fungus (D:6)
  A plant (D:8)
192 creatures vanquished.

Vanquished Creatures (others)
  11 plants (D:8)
  4 toadstools (D:1)
15 creatures vanquished.

Grand Total: 207 creatures vanquished

Notes
Turn   | Place    | Note
--------------------------------------------------------------
     0 | D:1      | sarahorange the Demonspawn Conjurer began the quest for the Orb.
     0 | D:1      | Reached XP level 1. HP: 13/13 MP: 3/3
   344 | D:1      | Gained mutation: You have sharp fingernails. [demonic ancestry]
   344 | D:1      | Reached XP level 2. HP: 19/19 MP: 1/5
   734 | D:1      | Learned a level 2 spell: Searing Ray
   969 | D:2      | Reached XP level 3. HP: 24/24 MP: 1/6
  1021 | D:2      | Learned a level 3 spell: Dazzling Spray
  1468 | D:2      | Found an iron altar of Okawaru.
  2250 | D:3      | Reached skill level 5 in Conjurations
  2416 | D:3      | Reached XP level 4. HP: 26/30 MP: 4/8
  2867 | D:4      | Found a snail-covered altar of Cheibriados.
  3078 | D:4      | Reached XP level 5. HP: 35/35 MP: 1/9
  3084 | D:4      | Learned a level 3 spell: Static Discharge
  3830 | D:5      | Entered Level 5 of the Dungeon
  3997 | D:5      | Noticed an ogre
  4000 | D:5      | Killed an ogre
  4000 | D:5      | Gained mutation: Your flesh is heat resistant. [demonic ancestry]
  4000 | D:5      | Reached XP level 6. HP: 42/42 MP: 11/11
  4151 | D:5      | Reached skill level 6 in Conjurations
  4672 | D:5      | Noticed an ice beast
  4762 | D:5      | Reached XP level 7. HP: 47/47 MP: 8/13
  4772 | D:5      | Learned a level 5 spell: Fireball
  5013 | D:5      | Reached skill level 1 in Fighting
  5268 | D:6      | Reached skill level 1 in Fire Magic
  5383 | D:7      | Noticed Prince Ribbit
  5679 | D:6      | Noticed Crazy Yiuf
  5684 | D:6      | Killed Crazy Yiuf
  5772 | D:6      | Reached skill level 1 in Crossbows
  5819 | D:6      | Reached skill level 5 in Spellcasting
  5819 | D:6      | Reached skill level 7 in Conjurations
  5990 | D:7      | Found a shadowy altar of Dithmenos.
  6179 | D:7      | Noticed a hippogriff
  6187 | D:7      | Killed a hippogriff
  6187 | D:7      | Gained mutation: You are immune to clouds of flame. [demonic ancestry]
  6187 | D:7      | Reached XP level 8. HP: 53/54 MP: 6/15
  6273 | D:7      | Killed Prince Ribbit
  6677 | D:7      | Noticed Duvessa
  6688 | D:7      | Noticed Dowan
  6689 | D:7      | Killed Duvessa
  6694 | D:7      | Killed Dowan
  6859 | D:7      | Found a staircase to the Ecumenical Temple.
  6864 | Temple   | Entered the Ecumenical Temple
  6924 | Temple   | Became a worshipper of Vehumet
  7170 | D:8      | Reached skill level 8 in Conjurations
  7170 | D:8      | Gained mutation: Your demonic aura causes spilled blood to erupt in flames. [demonic ancestry]
  7170 | D:8      | Reached XP level 9. HP: 53/59 MP: 13/17
  8584 | D:8      | Reached skill level 5 in Dodging
  9313 | D:8      | Noticed a queen bee
  9401 | D:8      | Reached * piety under Vehumet
  9401 | D:8      | Offered knowledge of Flame Tongue by Vehumet.
  9404 | D:8      | Learned a level 1 spell: Flame Tongue
  9590 | D:8      | HP: 3/61 [poisoned by a killer bee]
  9598 | D:8      | HP: 2/61 [poisoned by a killer bee]
  9608 | D:8      | HP: 1/61 [poisoned by a killer bee]
  9613 | D:8      | HP: 1/61 [poisoned by a killer bee]
 10459 | D:9      | Found a staircase to the Orcish Mines.
 10749 | D:9      | Noticed Erolcha
 10984 | D:9      | Reached XP level 10. HP: 68/68 MP: 13/20
 11228 | D:9      | Reached skill level 9 in Conjurations
 11491 | D:9      | Learned a level 5 spell: Iskenderun's Battlesphere
 11664 | Orc:1    | Entered Level 1 of the Orcish Mines
 11732 | Orc:1    | Noticed an orc sorcerer
 12027 | D:10     | Entered Level 10 of the Dungeon
 12046 | D:10     | Noticed a hill giant
 12057 | D:10     | Killed a hill giant
 12218 | D:10     | Noticed a hill giant
 12223 | D:10     | Killed a hill giant
 12223 | D:10     | Reached skill level 1 in Hexes
 12701 | D:10     | Offered knowledge of Throw Frost by Vehumet.
 12705 | D:10     | Learned a level 2 spell: Throw Frost
 12769 | D:10     | Identified a -2 rod of inaccuracy (11/11) (You found it on level 10 of the Dungeon)
 12957 | D:11     | Noticed a gargoyle
 13002 | D:11     | HP: 1/68 [orc/mace (4)]
 13020 | D:10     | Reached ** piety under Vehumet
 13415 | D:11     | Killed a gargoyle
 13638 | D:11     | Found Puguseu's Food Boutique.
 13641 | D:11     | Bought a meat ration for 60 gold pieces
 13672 | D:11     | HP: 3/68 [something (3)]
 13674 | D:11     | Slain by a killer bee

Skill      XL: |  1  2  3  4  5  6  7  8  9 10 |
---------------+-------------------------------+-----
Stealth        | 2 3 4 |  4.1
Conjurations   | 5 6 7 8 9 |  9.6
Dodging        | 2 3 4 5 6 |  6.3
Spellcasting   | 3 4 5 7 8 |  8.1
Fighting       | 1 2 |  2.6
Fire Magic     | 1 2 3 4 |  4.5
Crossbows      | 1 2 3 4 |  4.0
Hexes          | 1 |  1.1
Short Blades   | |  0.1

Action                   |  1- 3 |  4- 6 |  7- 9 | 10-12 || total
-------------------------+-------+-------+-------+-------++-------
Melee: Short sword       |    23 |     1 |    23 |    16 ||    63
       Hand crossbow     |       |       |     2 |     1 ||     3
 Fire: Hand crossbow     |       |    13 |    50 |    11 ||    74
Throw: Stone             |     6 |     1 |       |       ||     7
 Cast: Magic Dart        |    80 |    65 |   104 |    33 ||   282
       Searing Ray       |     5 |    16 |    72 |    38 ||   131
       Dazzling Spray    |       |       |     5 |     3 ||     8
       Flame Tongue      |       |       |     1 |     2 ||     3
Evoke: Wand              |       |       |     6 |    11 ||    17
  Use: Scroll            |       |    10 |    10 |    12 ||    32
       Potion            |       |       |     5 |     2 ||     7
  Eat: Chunk             |     6 |     5 |     5 |     1 ||    17
       Fruit             |       |     2 |     4 |       ||     6
       Beef jerky        |       |     1 |     6 |       ||     7
       Meat ration       |       |       |     1 |     1 ||     2
Armor: Robe              |    19 |    13 |    50 |    25 ||   107
Dodge: Dodged            |    55 |    30 |   133 |    68 ||   286
